 Dungeon Crawl Stone Soup version bcrawl-1.21 (webtiles) character file.

Game seed: 8994649774414300654

431 Freyura the Ducker (level 6, -10/47 HPs)
             Began as a Demonspawn Gladiator on Feb 9, 2020.
             Mangled by an ogre
             ... wielding a +0 giant spiked club
              (19 damage)
             ... on level 4 of the Dungeon.
             The game lasted 00:09:22 (3934 turns).

Freyura the Ducker (Demonspawn Gladiator)           Turns: 3934, Time: 00:09:22

Health: -10/47     AC: 13    Str: 17    XL:     6   Next: 67%
Magic:  0/7        EV:  2    Int:  9    God:
Gold:   253        SH:  0    Dex: 14    Spells: 5/5 levels left

rFire    + + .     SeeInvis .   c - +2 whip (elec)
rCold    + . .     Gourm    .   (no shield)
rNeg     . . .     Faith    .   g - +0 gold dragon scales
rPois    +         Spirit   +   (helmet restricted)
rElec    .         Reflect  .   (no cloak)
rCorr    .         Harm     .   (no gloves)
MR       .....                  (no boots)
Stlth    ..........             p - amulet of guardian spirit
HPRegen  0.15/turn              (no ring)
MPRegen  0.10/turn              (no ring)

@: very slightly contaminated
A: claws 1, horns 1, fire resistance 1
a: no special abilities


You were on level 4 of the Dungeon.
You were hungry.

You visited 1 branch of the dungeon, and saw 4 of its levels.

You collected 253 gold pieces.

Inventory:

Hand Weapons
 c - a +2 whip of electrocution (weapon)
Missiles
 d - 3 throwing nets (quivered) {!f}
Armour
 g - +0 gold dragon scales (worn)
Jewellery
 p - an amulet of guardian spirit (around neck)
Wands
 b - a wand of flame (27)
Scrolls
 f - a scroll of teleportation
 k - 2 scrolls of identify
Potions
 i - a potion of curing
Comestibles
 e - 6 rations {!d}


   Skills:
 + Level 3.4 Fighting
 + Level 1.2(2.6) Maces & Flails
   Level 3.6(3.7) Staves
 - Level 1.7 Throwing
 * Level 3.3 Armour
 + Level 3.9 Dodging
 + Level 1.7 Evocations


You had 5 spell levels left.
You didn't know any spells.
Your spell library was empty.

Dungeon Overview and Level Annotations

Branches:
Dungeon (4/12)
 Temple: D:4-7

Altars:
Cheibriados
Vehumet


Innate Abilities, Weirdness & Mutations

You have sharp fingernails.
You have a pair of small horns on your head.
Your flesh is heat resistant. (rF+)


Message History

The hound is almost dead.
The hound bites you but does no damage. x2
You completely miss the hound.
The hound is almost dead.
The hound bites you but does no damage.
You hit the hound.
You kill the hound!
The orc priest mumbles some strange prayers to Beogh against something.
You barely miss the ogre. The ogre hits you but does no damage.
You catch the helpless ogre completely off-guard!
You hit the ogre. You headbutt the ogre.
The ogre is moderately wounded.
You flicker back into view.
You whack the ogre!
The ogre is heavily wounded.
The ogre barely misses you.
Your gold dragon scales prevents you from hitting the ogre.
The ogre is heavily wounded.
The ogre hits you with a +0 giant spiked club!!
You die...

#.............# #.............#
####'##.......# ... .
#)##.......# #.# #.
.................# ... ...
########.##+###### #<# #.#.
#######.##.# .%...... .......##.#
##o#.#.#. ########.......#@#
#)s......
.......(.....#.#O#########.#.#.#.
.......#.....#.#os..o..o.........
.......#.........####s...#.#.#.#.
.......###.....#.####..........
....................+....#.#.#.#
...............#.####............
.......#######.#.# ...####.#.#.#.
..####.# #.#.#....# ........


You could see an ogre, an orc priest and a giant cockroach.

Vanquished Creatures
  A scorpion (D:2)
  A howler monkey (D:3)
  A hound (D:4)
  2 orc priests (D:4)
  An orc wizard (D:4)
  An iguana (D:4)
  2 worker ants (D:4)
  A hound zombie (D:4)
  Robin (D:3)
  3 adders
  An ooze (D:3)
  2 dart slugs
  5 leopard geckos
  3 orcs
  3 bats (D:1)
  6 giant cockroaches
  16 goblins
  15 hobgoblins
  A jackal (D:4)
  3 quokkas
  11 kobolds
  12 rats
92 creatures vanquished.

Notes
Turn   | Place    | Note
-------+----------+-------------------------------------------
     0 | D:1      | Freyura the Demonspawn Gladiator began the quest for the
                  | Orb.
     0 | D:1      | Reached XP level 1. HP: 16/16 MP: 1/1
   175 | D:1      | Gained mutation: You have sharp fingernails. [demonic
                  | ancestry]
   175 | D:1      | Reached XP level 2. HP: 22/22 MP: 2/2
   655 | D:1      | Reached skill level 1 in Armour
   814 | D:1      | Gained mutation: You have a pair of small horns on your
                  | head. [demonic ancestry]
   814 | D:1      | Reached XP level 3. HP: 26/28 MP: 3/3
  1392 | D:2      | Noticed a scorpion
  1401 | D:2      | Killed a scorpion
  1401 | D:2      | Reached XP level 4. HP: 18/34 MP: 4/4
  1701 | D:2      | Found a radiant altar of Vehumet.
  2008 | D:2      | Found a snail-covered altar of Cheibriados.
  2524 | D:3      | Noticed Robin
  2560 | D:3      | Gained mutation: Your flesh is heat resistant. (rF+)
                  | [demonic ancestry]
  2560 | D:3      | Reached XP level 5. HP: 19/40 MP: 3/5
  2575 | D:3      | Killed Robin
  3470 | D:3      | Reached skill level 1 in Evocations
  3792 | D:4      | Reached XP level 6. HP: 47/47 MP: 4/6
  3901 | D:4      | Reached skill level 1 in Maces & Flails
  3934 | D:4      | Mangled by an ogre

Skill      XL: |  1  2  3  4  5  6 |
---------------+-------------------+-----
Staves         | 3 |  3.6
Armour         | 1 2 3 |  3.3
Dodging        | 3 |  3.9
Fighting       | 3 |  3.4
Evocations     | 1 |  1.7
Maces & Flails | 1 |  1.2
Throwing       | |  1.7

Action                   |  1- 3 |  4- 6 || total
-------------------------+-------+-------++-------
Melee: Quarterstaff      |   117 |    91 ||   208
       Headbutt          |     5 |    31 ||    36
       Whip              |       |    91 ||    91
  Use: Scroll            |       |    12 ||    12
       Potion            |       |     5 ||     5
 Stab: Invisible         |       |     1 ||     1
  Eat: Chunk             |     2 |     4 ||     6
       Ration            |       |     1 ||     1
Armor: Leather armour    |    22 |       ||    22
       Gold dragon scale |    51 |   273 ||   324
Dodge: Dodged            |    35 |    30 ||    65
